 Dungeon Crawl Stone Soup version 0.24.0-123-gd5b16e6ec5 (webtiles) character file.

Game seed: 5794016921046179585, levelgen mode: deterministic

107 vurker the Gusty (level 4, -2/25 HPs)
             Began as a Tengu Air Elementalist on Jan 19, 2020.
             Slain by a worker ant (6 damage)
             ... on level 2 of the Dungeon.
             The game lasted 00:02:21 (1901 turns).

vurker the Gusty (Tengu Air Elementalist)           Turns: 1901, Time: 00:02:21

Health: -2/25      AC:  3    Str:  9    XL:     4   Next: 86%
Magic:  1/9        EV: 12    Int: 16    God:
Gold:   37         SH:  0    Dex: 14    Spells: 7/8 levels left

rFire    . . .     SeeInvis .   f - +0 dagger
rCold    . . .     Gourm    .   (no shield)
rNeg     + . .     Faith    .   a - +0 robe
rPois    .         Spirit   .   (helmet restricted)
rElec    .         Reflect  .   (no cloak)
rCorr    .         Harm     .   c - +0 pair of gloves
MR       .....                  (boots unavailable)
Stlth    ++........             (no amulet)
HPRegen  0.08/turn              k - ring of positive energy
MPRegen  0.11/turn              (no ring)

@: lethally poisoned (-2 -> -8), slowed, very slow
A: beak, talons 3
a: no special abilities


You were on level 2 of the Dungeon.
You were not hungry.

You visited 1 branch of the dungeon, and saw 2 of its levels.

You collected 37 gold pieces.

Inventory:

Hand Weapons
 f - a +0 dagger (weapon)
   (You took it off a goblin on level 1 of the Dungeon)
Armour
 a - a +0 robe (worn)
 b - a +0 buckler
   (You found it on level 1 of the Dungeon)
 c - a +0 pair of gloves (worn)
   (You found it on level 1 of the Dungeon)
Jewellery
 k - a ring of positive energy (left hand)
   (You found it on level 2 of the Dungeon)
Scrolls
 d - 3 scrolls of remove curse {unknown}
 g - a scroll of teleportation {unknown}
 h - a scroll of identify {unknown}
 j - a scroll of amnesia {unknown}
 l - a scroll of enchant weapon {unknown}
 m - 3 scrolls of random uselessness {unknown}
Comestibles
 e - 3 rations
 i - 2 chunks of flesh


   Skills:
 + Level 1.1 Fighting
 - Level 2.1 Dodging
 - Level 2.0 Stealth
 + Level 0.7 Shields
 * Level 2.8 Spellcasting
 * Level 3.5 Conjurations
 * Level 4.9 Air Magic


You had 7 spell levels left.
You knew the following spells:

 Your Spells              Type           Power        Failure   Level  Hunger
a - Shock                 Conj/Air       ###.         3%          1    #......

Your spell library contained the following spells:

 Spells                   Type           Power        Failure   Level  Hunger
 Static Discharge         Conj/Air       ###.....     10%         3    ###....
 Swiftness                Chrm/Air       ##......     11%         2    ##.....
 Airstrike                Air            ###.......   24%         4    #####..
 Lightning Bolt           Conj/Air       ###.......   67%         5    ######.


Dungeon Overview and Level Annotations

Branches:
Dungeon (2/15)

Altars:


Innate Abilities, Weirdness & Mutations

You have a beak for a mouth.
You have claws for feet.


Message History

You kill the jackal!
You butcher the jackal corpse.
i - 3 chunks of flesh You see here a jackal skeleton. x2
Eating one of 3 chunks of flesh.
You eat one of the 3 chunks of flesh.
There is an open door here.
You now have 37 gold pieces (gained 10).
m - 3 scrolls labeled EJASOY EFEFF (gained 1)
There is an open door here.
Natasha, Servant of Life and Death comes into view.
Aim: Natasha (hasn't noticed you)
The zap hits Natasha.
Natasha hisses angrily.
Aim: Natasha (lightly wounded)
The zap misses Natasha.
Aim: Natasha (lightly wounded)
The zap misses Natasha.
Aim: Natasha (lightly wounded)
The zap hits Natasha.
Natasha casts a spell at you.
You feel yourself slow down.
Aim: Natasha (heavily wounded)
The zap hits Natasha.
Natasha misses you.
Aim: Natasha (severely wounded)
The zap hits Natasha.
Natasha claws you. x2
Aim: Natasha (almost dead)
The zap hits Natasha.
You kill Natasha!
Natasha growls in agony!
Aim: a worker ant (hasn't noticed you)
The zap hits the worker ant but does no damage.
The worker ant twitches its antennae in your direction.
Aim: a worker ant The zap misses the worker ant.
Aim: a worker ant The zap hits the worker ant.
You don't have enough magic to cast that spell.
You barely miss the worker ant. You claw the worker ant.
You peck the worker ant. The worker ant bites you.
You are poisoned.
The worker ant poisons you!
You hit the worker ant. Your kick misses the worker ant.
You feel sick. The worker ant barely misses you. x2
You hit the worker ant.
You feel sick. The worker ant closely misses you.
The worker ant bites you but does no damage.
You hit the worker ant but do no damage.
You feel sick. The worker ant bites you.
* * * LOW HITPOINT WARNING * * *
The worker ant bites you.
You die...

+........# #.....#
#....# #........#
#.##### #....#
#........# #.# #....#
#........####'######
######
+........##........#
##........##........#
.........###........#
#####.#.######......#
#####
#......a@'..<...#
#....
##..######......#
#.### #####..###
#.......# #.#..
#........# #.......#
#.#.# #........#
#.......# #.#.#
#........# #....####
#.... #........#
###### #..##
#.....>..# #..#.
########## #..#.


You could see a worker ant.

Vanquished Creatures
  Natasha (twice) (D:2)
  An adder (D:2)
  2 dart slugs
  2 leopard geckos
  A bat zombie (D:2)
  2 giant cockroaches (D:1)
  7 goblins
  5 hobgoblins
  4 jackals
  2 ball pythons
  7 bats
  4 kobolds
  3 rats
42 creatures vanquished.

Notes
Turn   | Place    | Note
-------+----------+-------------------------------------------
     0 | D:1      | vurker the Tengu Air Elementalist began the quest for the
                  | Orb.
     0 | D:1      | Reached XP level 1. HP: 10/10 MP: 4/4
   193 | D:1      | Reached XP level 2. HP: 15/15 MP: 4/6
   621 | D:1      | Reached XP level 3. HP: 20/20 MP: 2/7
  1511 | D:2      | Reached XP level 4. HP: 24/24 MP: 5/8
  1658 | D:2      | Noticed Natasha
  1662 | D:2      | Killed Natasha
  1662 | D:2      | Reached skill level 1 in Fighting
  1887 | D:2      | Noticed Natasha
  1894 | D:2      | Killed Natasha
  1901 | D:2      | Slain by a worker ant

Levels and vault maps discovered:
D:1:      dpeg_arrival_boxes_within_box, layout_rooms
D:2:      layout_basic, minmay_split_cup_large, uniq_natasha

Skill      XL: |  1  2  3  4 |
---------------+-------------+-----
Conjurations   | 2 3 |  3.5
Fighting       | 1 |  1.1
Dodging        | |  2.1
Stealth        | |  2.0
Shields        | |  0.7
Spellcasting   | |  2.8
Air Magic      | |  4.9

Action                   |  1- 3 |  4- 6 || total
-------------------------+-------+-------++-------
Melee: Kick              |     4 |     1 ||     5
       Unarmed           |     4 |       ||     4
       Dagger            |       |     4 ||     4
       Peck              |       |     1 ||     1
 Cast: Shock             |    74 |    17 ||    91
  Eat: Chunk             |     3 |     1 ||     4
Armor: Robe              |    10 |     1 ||    11
Dodge: Dodged            |    16 |     4 ||    20
